 Dungeon Crawl Stone Soup version 0.20.1-1-g8b1a95d (webtiles) character file.

1408 Irenicus the Cleaver (level 8, -4/68 HPs)
             Began as a Deep Dwarf Monk on Oct 27, 2017.
             Was a Follower of Elyvilon.
             Slain by a two-headed ogre
             ... wielding a +0 giant club
              (8 damage)
             ... on level 6 of the Dungeon.
             The game lasted 00:23:22 (3793 turns).

Irenicus the Cleaver (Deep Dwarf Monk)              Turns: 3793, Time: 00:23:22

Health: -4/68      AC:  5    Str: 15    XL:     8   Next: 42%
Magic:  2/7        EV: 15    Int: 11    God:    Elyvilon [*.....]
Gold:   199        SH:  4    Dex: 17    Spells: 5/7 levels left

rFire    + . .     SeeInvis .   d - +2 hand axe (freeze)
rCold    + . .     Gourm    .   (no shield)
rNeg     . . .     Faith    .   u - +0 leather armour
rPois    +         Spirit   .   g - +1 helmet
rElec    .         Reflect  +   y - scarf {rC+ rF+}
rCorr    +         Harm     .   (no gloves)
MR       +....                  (no boots)
Stlth    ++........             l - +4 amulet of reflection
Regen    0.0/turn               f - ring of poison resistance
MPRegen  0.1/turn               p - ring of resist corrosion

@: non-regenerating
A: damage resistance, heal wounds, sense surroundings 1, no regeneration
a: Heal Wounds, Lesser Healing, Divine Protection, Renounce Religion


You were on level 6 of the Dungeon.
You worshipped Elyvilon.
Elyvilon was aware of your devotion.
You were hungry.

You visited 2 branches of the dungeon, and saw 7 of its levels.
You also visited: Sewer.

You collected 199 gold pieces.

Inventory:

Hand Weapons
 a - a +0 hand axe
 d - a +2 hand axe of freezing (weapon)
 i - a +3 war axe
 v - a +2 mace of protection
Armour
 b - a +0 robe
 g - a +1 helmet (worn)
 h - a +1 robe of positive energy
 u - a +0 leather armour (worn)
 y - a scarf of resistance (worn)
Jewellery
 f - a ring of poison resistance (left hand)
 l - a +4 amulet of reflection (around neck)
 p - a ring of resist corrosion (right hand)
Wands
 x - a wand of polymorph (0/24)
Scrolls
 e - 2 scrolls of remove curse
 k - a scroll of enchant armour
 m - a scroll of recharging
 o - a scroll of enchant weapon
 q - 2 scrolls of teleportation
 t - 3 scrolls of identify
Potions
 j - a potion of curing
 s - a potion of magic
 w - a potion of flight
 z - a potion of lignification
Books
 n - a book of Minor Magic

   Spells                             Type                      Level
   a - Magic Dart                     Conjuration                  1
   b - Blink                          Translocation                2
   c - Call Imp                       Summoning                    2
   d - Slow                           Hexes                        2
   e - Conjure Flame                  Conjuration/Fire             3
   f - Mephitic Cloud                 Conjuration/Poison/Air       3
Comestibles
 c - 5 bread rations
 A - a meat ration


   Skills:
 - Level 2.6 Fighting
 - Level 10.0 Axes
 - Level 3.2 Armour
 + Level 5.8 Dodging
 - Level 2.4 Stealth
 + Level 1.5 Invocations
 - Level 1.0 Evocations


You had 5 spell levels left.
You knew the following spells:

 Your Spells              Type           Power        Failure   Level  Hunger
a - Blink                 Tloc           N/A          54%         2    ###....


Dungeon Overview and Level Annotations

Branches:
Dungeon (6/15)             Temple (1/1) D:6

Altars:
Ashenzari
Cheibriados
Dithmenos
Elyvilon
Fedhas
Gozag
Hepliaklqana
Nemelex Xobeh
Qazlal
Sif Muna
Trog
Uskayaw
Xom
Yredelemnul
Zin
The Shining One

Annotations:
D:4 exclusion: ogre


Innate Abilities, Weirdness & Mutations

You are resistant to damage.
You can heal yourself by infusing magical energy.
You passively map a small area around you.
You do not regenerate.


Message History

The two-headed ogre closely misses you.
The two-headed ogre hits you with a giant club!
The howler monkey skeleton hits you.
* * * LOW HITPOINT WARNING * * *
You feel much better. The howler monkey skeleton hits you.
The two-headed ogre closely misses you. You block the two-headed ogre's attack.
You hit the howler monkey skeleton.
The howler monkey skeleton is almost destroyed.
You hit the two-headed ogre. You freeze the two-headed ogre.
You block the howler monkey skeleton's attack.
You hit the howler monkey skeleton.
You destroy the howler monkey skeleton!
You closely miss the two-headed ogre.
The two-headed ogre hits you with a giant club! x2
You hit the two-headed ogre but do no damage.
The two-headed ogre is moderately wounded.
The two-headed ogre hits you with a giant club!!
* * * LOW HITPOINT WARNING * * *
The two-headed ogre hits you with a giant club!
You die...

#......<............####....#####
#.................### ##.........
.......#####.....## ##......####
....###* ##....# ##..###.## ##.,,
** #.(..# ##.รท## #.# #* , ,
#####...###..## *#..** ,
............## ...., * *
#............####.####
.#.@..........# * #)#O#.#.#.#..#
#...(.......## * #.#.(.....#.# *
#...........# **# *#.#...>...#.#
* ,.. #.............# ,..
###.#....(..#.## .# ,
#...........(#..#


You could see a two-headed ogre.

Vanquished Creatures
  A hungry ghost (D:4)
  An ice beast (D:5)
  3 ogres
  A centaur (D:6)
  2 big kobolds
  A wyvern skeleton (D:6)
  A crimson imp (D:6)
  A hound (D:6)
  A jelly (D:6)
  3 orc wizards
  4 orc priests
  An iguana (D:4)
  3 worker ants (D:5)
  A hound zombie (D:5)
  4 gnolls (D:5)
  6 adders
  A howler monkey skeleton (D:6)
  A river rat (Sewer)
  A shadow imp (D:6)
  An ooze (D:3)
  An adder skeleton (D:4)
  4 worms
  5 dart slugs
  2 leopard geckos
  22 orcs
  8 giant cockroaches
  5 goblins
  5 hobgoblins
  8 jackals
  3 quokkas
  3 bats
  5 frilled lizards
  10 kobolds
  9 rats
128 creatures vanquished.

Vanquished Creatures (others)
  A hobgoblin (D:3)
  A kobold (Sewer)
2 creatures vanquished.

Grand Total: 130 creatures vanquished

Notes
Turn   | Place    | Note
-------+----------+-------------------------------------------
     0 | D:1      | Irenicus the Deep Dwarf Monk began the quest for the Orb.
     0 | D:1      | Reached XP level 1. HP: 20/20 MP: 1/1
   226 | D:1      | Reached skill level 4 in Axes
   226 | D:1      | Reached XP level 2. HP: 27/27 MP: 2/2
   815 | D:2      | Reached XP level 3. HP: 28/33 MP: 3/3
   830 | D:2      | Reached skill level 5 in Axes
   895 | D:2      | Learned a level 2 spell: Blink
  1005 | D:2      | Reached XP level 4. HP: 20/40 MP: 4/4
  1295 | D:3      | Found a sparkling altar of Nemelex Xobeh.
  1297 | D:3      | Found a blossoming altar of Fedhas.
  1299 | D:3      | Found a snail-covered altar of Cheibriados.
  1301 | D:3      | Found a shimmering altar of Xom.
  1362 | D:3      | Reached skill level 6 in Axes
  1403 | D:3      | Reached skill level 1 in Armour
  1431 | D:3      | Found a glowing drain.
  1470 | Sewer    | Entered a sewer
  1484 | Sewer    | Reached XP level 5. HP: 15/46 MP: 5/5
  1551 | Sewer    | Found a white marble altar of Elyvilon.
  1920 | D:4      | Noticed an orc warrior
  1985 | D:4      | Found a deep blue altar of Sif Muna.
  2040 | D:4      | Noticed an ogre
  2051 | D:4      | Noticed an ogre
  2072 | D:5      | Entered Level 5 of the Dungeon
  2137 | D:5      | Reached XP level 6. HP: 17/55 MP: 6/6
  2241 | D:5      | Reached skill level 7 in Axes
  2394 | D:4      | an orc warrior changed into a big kobold
  2406 | D:4      | Reached XP level 7. HP: 40/61 MP: 6/6
  2419 | D:4      | Reached skill level 8 in Axes
  2586 | D:4      | Noticed a hungry ghost
  2702 | D:4      | Killed a hungry ghost
  2730 | D:4      | Reached skill level 9 in Axes
  2792 | D:4      | Reached skill level 1 in Evocations
  2916 | D:5      | Reached XP level 8. HP: 15/68 MP: 6/6
  3072 | D:5      | Reached skill level 10 in Axes
  3456 | D:6      | Reached skill level 5 in Dodging
  3515 | D:6      | Found a staircase to the Ecumenical Temple.
  3524 | Temple   | Entered the Ecumenical Temple
  3681 | D:6      | Noticed a two-headed ogre
  3723 | Temple   | Became a worshipper of Elyvilon the Healer
  3723 | Temple   | Reached * piety under Elyvilon
  3723 | Temple   | Reached ** piety under Elyvilon
  3786 | D:6      | Reached skill level 1 in Invocations
  3793 | D:6      | Slain by a two-headed ogre

Skill      XL: |  1  2  3  4  5  6  7  8 |
---------------+-------------------------+-----
Axes           | 4 5 6 7 9 10 | 10.0
Armour         | 1 3 |  3.2
Dodging        | 4 5 |  5.8
Evocations     | 1 |  1.0
Invocations    | 1 |  1.5
Fighting       | |  2.6
Stealth        | |  2.4

Action                   |  1- 3 |  4- 6 |  7- 9 || total
-------------------------+-------+-------+-------++-------
Melee: Hand axe          |    81 |   164 |   163 ||   408
       War axe           |       |       |     4 ||     4
Invok: Lesser Healing    |       |       |    10 ||    10
 Abil: Heal Wounds       |       |     2 |     5 ||     7
Evoke: Wand              |       |     2 |     1 ||     3
  Use: Potion            |       |     6 |     4 ||    10
       Scroll            |       |     8 |     2 ||    10
 Stab: Sleeping          |     3 |     6 |     1 ||    10
       Distracted        |     1 |       |       ||     1
       Invisible         |       |       |     2 ||     2
  Eat: Chunk             |       |     5 |     4 ||     9
       Fruit             |       |       |     4 ||     4
Armor: Robe              |    15 |     4 |       ||    19
       Leather armour    |       |    16 |    16 ||    32
Dodge: Dodged            |    49 |    61 |    85 ||   195
Block: Other             |     1 |    23 |    20 ||    44
       Reflection        |       |     2 |     1 ||     3
